 Dungeon Crawl Stone Soup version 0.26-a0-663-g36e8fdb655 (webtiles) character file.

Game seed: 15586150890614074811

7035 felt the Fighter (level 11, -7/95 HPs)
             Began as a Gnoll Wanderer on Oct 11, 2020.
             Was an Elder of Fedhas.
             Killed by refrigeration
             ... invoked by Fannar
              (12 damage)
             ... on level 9 of the Dungeon.
             The game lasted 00:31:10 (10307 turns).

felt the Fighter (Gnoll Wanderer)                  Turns: 10307, Time: 00:31:12

Health: -7/95      AC: 14    Str: 18    XL:     11   Next: 9%
Magic:  15/19      EV: 11    Int: 15    God:    Fedhas [****..]
Gold:   358        SH: 15    Dex: 14    Spells: 21/21 levels left

rFire    . . .     SeeInvis .   b - +2 whip (flame)
rCold    + . .     Faith    .   A - +0 kite shield {reflect}
rNeg     . . .     Spirit   .   B - +2 scale mail
rPois    +         Reflect  +   (no helmet)
rElec    .         Harm     .   D - +0 cloak
rCorr    .         Rampage  .   E - +2 pair of gloves
MR       .....                  (no boots)
Stlth    ++........             G - amulet of reflection
HPRegen  0.25/turn              H - ring of protection from cold
MPRegen  0.16/turn              I - ring of poison resistance

@: no status effects
A: distributed training, fangs 1, strong nose
a: Wall of Briars, Grow Ballistomycete, Overgrow, Renounce Religion


You were on level 9 of the Dungeon.
You worshipped Fedhas.
Fedhas was greatly pleased with you.
You visited 1 branch of the dungeon, and saw 10 of its levels.

You collected 358 gold pieces.

Inventory:

Hand Weapons
 a - a +4 short sword of holy wrath
 b - a +2 whip of flaming (weapon)
 c - a +2 dagger of speed
 d - a +0 war axe of flaming
Missiles
 q - 46 poisoned darts (quivered)
 r - 24 boomerangs
Armour
 A - a +0 kite shield of reflection (worn)
 B - a +2 scale mail (worn)
 D - a +0 cloak (worn)
 E - a +2 pair of gloves (worn)
Jewellery
 G - an amulet of reflection (around neck)
 H - a ring of protection from cold (left hand)
 I - a ring of poison resistance (right hand)
 J - an uncursed ring of protection from magic
Wands
 u - a wand of disintegration (13)
Scrolls
 f - 4 scrolls of remove curse
 g - a scroll of amnesia
 i - 8 scrolls of identify
 k - 8 scrolls of teleportation
 p - 2 scrolls of blinking
 w - a scroll of fog
Potions
 e - 10 potions of curing
 j - a potion of ambrosia
 m - a potion of brilliance {unknown}
 n - a potion of flight {unknown}
 s - 2 potions of stabbing
 t - a potion of might {unknown}
 z - a potion of resistance {unknown}


   Skills:
 + Level 11.7 Fighting
 + Level 5.9 Short Blades
 + Level 5.9 Long Blades
 + Level 5.9 Axes
 + Level 5.9 Maces & Flails
 + Level 5.9 Polearms
 + Level 5.9 Staves
 + Level 5.9 Slings
 + Level 5.9 Bows
 + Level 5.9 Crossbows
 + Level 5.9 Throwing
 + Level 7.6 Armour
 + Level 5.9 Dodging
 + Level 7.3 Stealth
 + Level 6.5 Shields
 + Level 5.9 Unarmed Combat
 + Level 5.9 Spellcasting
 + Level 4.9 Conjurations
 + Level 4.9 Hexes
 + Level 4.9 Summonings
 + Level 4.9 Necromancy
 + Level 4.9 Translocations
 + Level 4.9 Transmutations
 + Level 4.9 Fire Magic
 + Level 4.9 Ice Magic
 + Level 4.9 Air Magic
 + Level 4.9 Earth Magic
 + Level 4.9 Poison Magic
 + Level 6.5 Invocations
 + Level 5.9 Evocations


You had 21 spell levels left.
You didn't know any spells.
Your spell library was empty.

Dungeon Overview and Level Annotations

Branches:
Dungeon (10/15)            Temple (0/1) D:6
   Lair: D:8-11         Orc: D:9-12

Altars:
Cheibriados
Fedhas
Gozag
Nemelex Xobeh
Trog

Annotations:
D:9 Fannar


Innate Abilities, Weirdness & Mutations

Your experience applies equally to all skills.
You have very sharp teeth.
Your uncanny sense of smell can sniff out nearby items.


Message History

Press: ? - help, Dir - move target cursor, p - Fannar A ballistomycete grows from the ground.
You can no longer grow an oklob plant.
Fannar hits you but does no damage.
The ice beast hits you but does no damage.
Unknown command.
Press: ? - help, v - describe, . - travel
Here: a ballistomycete (summoned, friendly)
The floor.
You closely miss Fannar.
Fannar is severely wounded.
The ice beast barely misses you. You block Fannar's attack.
You hit Fannar but do no damage.
Fannar is severely wounded.
You block the ice beast's attack.
Fannar gestures wildly while chanting.
Fannar drains the heat from the surrounding environment!
You resist.
You feel very cold.
You die...
Fedhas appreciates your contribution to the ecosystem.

#################################
.................................
..#......(.....Y@................
..#............Pe...#............
..#..............................
..#..............................
.........<.......................
.................................
.#...............................
.#....................#..........
.#.....######.........#..........


You could see Fannar (icy armour), an ice beast (summoned) and a friendly
ballistomycete (summoned).

Vanquished Creatures
  Pikel (D:4)
  A wraith (D:10)
  Sigmund (D:6)
  A human (D:9)
  7 yaks
  4 hogs (D:9)
  Duvessa (D:4)
  3 ice beasts
  2 eyes of draining (D:9)
  4 orc warriors
  A sky beast (D:8)
  A black bear (D:8)
  5 phantoms
  6 ogres
  A lemure (D:4)
  6 bullfrogs
  Dowan (D:4)
  6 scorpions
  5 wights (D:6)
  3 howler monkeys (D:9)
  A centaur zombie (D:9)
  3 jellies
  Crazy Yiuf (D:4)
  8 orc priests
  3 hounds
  A centaur skeleton (D:8)
  Ijyb (D:4)
  2 iguanas
  19 orc wizards
  A bullfrog skeleton (D:4)
  5 worker ants
  A hound zombie (D:7)
  A hound skeleton (D:7)
  5 adders
  2 shadow imps
  3 white imps
  An ufetubus (D:6)
  An ooze (D:4)
  An adder skeleton (D:7)
  2 worms
  A dart slug (D:3)
  3 leopard geckos
  44 orcs
  7 giant cockroaches
  5 goblins
  A hobgoblin (D:2)
  9 jackals
  3 quokkas
  9 bats
  7 frilled lizards
  A giant cockroach zombie (D:6)
  A jackal zombie (D:6)
  3 kobolds
  A leopard gecko skeleton (D:9)
  A quokka skeleton (D:7)
  2 rats
220 creatures vanquished.

Notes
Turn   | Place    | Note
-------+----------+-------------------------------------------
     0 | D:1      | Reached skill level 10 in Fighting
     0 | D:1      | felt the Gnoll Wanderer began the quest for the Orb.
     0 | D:1      | felt set off with the following items: a +0 club, a potion
                  | of curing, a scroll of teleportation, a +2 scale mail, a +0
                  | dagger
     0 | D:1      | Reached XP level 1. HP: 28/28 MP: 1/1
   156 | D:1      | Reached XP level 2. HP: 29/36 MP: 2/2
   616 | D:2      | Reached XP level 3. HP: 41/42 MP: 3/3
   629 | D:2      | Reached skill level 1 in Invocations
  1019 | D:2      | Reached skill level 1 in Short Blades
  1019 | D:2      | Reached skill level 1 in Long Blades
  1019 | D:2      | Reached skill level 1 in Axes
  1019 | D:2      | Reached skill level 1 in Maces & Flails
  1019 | D:2      | Reached skill level 1 in Polearms
  1019 | D:2      | Reached skill level 1 in Staves
  1019 | D:2      | Reached skill level 1 in Slings
  1019 | D:2      | Reached skill level 1 in Bows
  1019 | D:2      | Reached skill level 1 in Crossbows
  1019 | D:2      | Reached skill level 1 in Throwing
  1019 | D:2      | Reached skill level 1 in Dodging
  1019 | D:2      | Reached skill level 1 in Unarmed Combat
  1019 | D:2      | Reached skill level 1 in Spellcasting
  1019 | D:2      | Reached skill level 1 in Evocations
  1091 | D:2      | Reached XP level 4. HP: 47/48 MP: 5/5
  1401 | D:3      | Found a bloodstained altar of Trog.
  1817 | D:3      | Found a snail-covered altar of Cheibriados.
  1935 | D:3      | Found a faded altar of an unknown god.
  1947 | D:3      | Reached skill level 1 in Conjurations
  1947 | D:3      | Reached skill level 1 in Hexes
  1947 | D:3      | Reached skill level 1 in Summonings
  1947 | D:3      | Reached skill level 1 in Necromancy
  1947 | D:3      | Reached skill level 1 in Translocations
  1947 | D:3      | Reached skill level 1 in Transmutations
  1947 | D:3      | Reached skill level 1 in Fire Magic
  1947 | D:3      | Reached skill level 1 in Ice Magic
  1947 | D:3      | Reached skill level 1 in Air Magic
  1947 | D:3      | Reached skill level 1 in Earth Magic
  1947 | D:3      | Reached skill level 1 in Poison Magic
  1960 | D:3      | Became a worshipper of Fedhas Madash
  1960 | D:3      | Reached * piety under Fedhas
  2269 | D:4      | Noticed Ijyb
  2357 | D:4      | Killed Ijyb
  2357 | D:4      | Reached XP level 5. HP: 31/54 MP: 6/6
  2415 | D:4      | Noticed an ogre
  2437 | D:5      | Entered Level 5 of the Dungeon
  2651 | D:5      | Reached XP level 6. HP: 61/61 MP: 8/8
  2662 | D:5      | Noticed a phantom
  2697 | D:5      | Killed a phantom
  2697 | D:5      | Reached skill level 5 in Armour
  3184 | D:4      | Found a runed translucent door.
  3185 | D:4      | Noticed Crazy Yiuf
  3195 | D:4      | Killed Crazy Yiuf
  3233 | D:4      | Reached XP level 7. HP: 67/67 MP: 10/10
  3412 | D:4      | Noticed Duvessa
  3432 | D:4      | Noticed Dowan
  3465 | D:4      | Killed Duvessa
  3786 | D:4      | Killed Dowan
  3786 | D:4      | Reached skill level 5 in Stealth
  3859 | D:4      | Reached ** piety under Fedhas
  3951 | D:4      | Reached XP level 8. HP: 28/74 MP: 12/12
  4287 | D:4      | Noticed Pikel
  4313 | D:4      | Killed Pikel
  4823 | D:5      | Found a sparkling altar of Nemelex Xobeh.
  5176 | D:5      | You fall into a shaft and drop 2 floors!
  5195 | D:7      | Reached skill level 11 in Fighting
  5221 | D:7      | Reached XP level 9. HP: 32/81 MP: 14/14
  5710 | D:7      | Reached *** piety under Fedhas
  5874 | D:7      | Reached skill level 5 in Shields
  5982 | D:6      | Noticed Sigmund
  5988 | D:6      | Killed Sigmund
  6135 | D:6      | Found a staircase to the Ecumenical Temple.
  6205 | D:6      | Reached skill level 5 in Invocations
  6502 | D:6      | Found an opulent altar of Gozag.
  6685 | D:7      | Reached XP level 10. HP: 83/88 MP: 17/17
  6690 | D:7      | Reached **** piety under Fedhas
  7314 | D:8      | Reached skill level 5 in Short Blades
  7314 | D:8      | Reached skill level 5 in Long Blades
  7314 | D:8      | Reached skill level 5 in Axes
  7314 | D:8      | Reached skill level 5 in Maces & Flails
  7314 | D:8      | Reached skill level 5 in Polearms
  7314 | D:8      | Reached skill level 5 in Staves
  7314 | D:8      | Reached skill level 5 in Slings
  7314 | D:8      | Reached skill level 5 in Bows
  7314 | D:8      | Reached skill level 5 in Crossbows
  7314 | D:8      | Reached skill level 5 in Throwing
  7314 | D:8      | Reached skill level 5 in Dodging
  7314 | D:8      | Reached skill level 5 in Unarmed Combat
  7314 | D:8      | Reached skill level 5 in Spellcasting
  7314 | D:8      | Reached skill level 5 in Evocations
  7745 | D:8      | HP: 4/88 [yak (11)]
  9667 | D:9      | Reached XP level 11. HP: 56/95 MP: 19/19
  9675 | D:9      | Reached ***** piety under Fedhas
  9982 | D:9      | Identified a scroll of acquirement
  9982 | D:9      | Acquired a +0 kite shield of reflection
 10230 | D:10     | Entered Level 10 of the Dungeon
 10238 | D:10     | Noticed Fannar
 10307 | D:9      | Killed from afar by Fannar

Illustrated notes

Levels and vault maps discovered:
D:1:      minmay_arrival_four_houses, layout_basic
D:2:      layout_rooms
D:3:      layout_loops_ring, old_standard_altar, nicolae_overflow_crystal_walls,
          chequers_ecumenical_altar_simple, serial_park_tiny_pond
D:4:      layout_basic, kennysheep_doodads, uniq_ijyb, uniq_pikel, uniq_duvessa,
          uniq_crazy_yiuf_cottage
D:5:      layout_basic, marbit_many_paths
D:6:      layout_rooms, kennysheep_mini_moat, minmay_temple_entry_glassed_door,
          uniq_sigmund
D:7:      layout_layer_cave
D:8:      layout_layer_cave
D:9:      layout_stronghold, grunt_livestock
D:10:     layout_gridville, zombieorc2_lemuel, nrook_mini_vaults, uniq_fannar

Skill      XL: |  1  2  3  4  5  6  7  8  9 10 |
---------------+-------------------------------+-----
Fighting       | 11 | 11.7
Invocations    | 1 2 3 4 5 6 |  6.5
Short Blades   | 1 2 3 4 5 |  5.9
Long Blades    | 1 2 3 4 5 |  5.9
Axes           | 1 2 3 4 5 |  5.9
Maces & Flails | 1 2 3 4 5 |  5.9
Polearms       | 1 2 3 4 5 |  5.9
Staves         | 1 2 3 4 5 |  5.9
Slings         | 1 2 3 4 5 |  5.9
Bows           | 1 2 3 4 5 |  5.9
Crossbows      | 1 2 3 4 5 |  5.9
Throwing       | 1 2 3 4 5 |  5.9
Dodging        | 1 2 3 4 5 |  5.9
Unarmed Combat | 1 2 3 4 5 |  5.9
Spellcasting   | 1 2 3 4 5 |  5.9
Evocations     | 1 2 3 4 5 |  5.9
Conjurations   | 1 2 3 4 |  4.9
Hexes          | 1 2 3 4 |  4.9
Summonings     | 1 2 3 4 |  4.9
Necromancy     | 1 2 3 4 |  4.9
Translocations | 1 2 3 4 |  4.9
Transmutations | 1 2 3 4 |  4.9
Fire Magic     | 1 2 3 4 |  4.9
Ice Magic      | 1 2 3 4 |  4.9
Air Magic      | 1 2 3 4 |  4.9
Earth Magic    | 1 2 3 4 |  4.9
Poison Magic   | 1 2 3 4 |  4.9
Shields        | 3 4 5 6 |  6.5
Armour         | 5 6 7 |  7.6
Stealth        | 5 6 7 |  7.3

Action                   |  1- 3 |  4- 6 |  7- 9 | 10-12 || total
-------------------------+-------+-------+-------+-------++-------
Melee: Club              |    35 |       |       |       ||    35
       Bite              |    16 |    43 |    51 |    57 ||   167
       Dagger            |   133 |   318 |    69 |       ||   520
       Punch             |       |     5 |    12 |     7 ||    24
       Short sword       |       |       |   365 |   329 ||   694
       Whip              |       |       |       |    89 ||    89
       War axe           |       |       |       |     9 ||     9
Throw: Dart              |       |    17 |    45 |    15 ||    77
       Boomerang         |       |       |       |     1 ||     1
Invok: Grow Ballistomyce |       |       |       |     1 ||     1
  Use: Potion            |       |     2 |       |     3 ||     5
       Scroll            |       |       |       |    14 ||    14
 Stab: Sleeping          |       |       |     3 |     5 ||     8
       Distracted        |       |       |     1 |       ||     1
Armor: Scale mail        |   129 |   126 |   140 |   112 ||   507
Dodge: Dodged            |   103 |   102 |   161 |   125 ||   491
Block: Other             |       |       |       |    42 ||    42
       Kite shield       |       |       |       |    22 ||    22

Table legend: (Time is in decaauts)
 A = Elapsed time spent in this place.
 B = Non-inter-level travel time spent in this place.
 C = Inter-level travel time spent in this place.
 D = Time resting spent in this place.
 E = Time spent auto-exploring this place.
 F = Levels seen in this place.
 G = Mean time per level.
                   A        B        C        D        E       F      G
               +--------+--------+--------+--------+--------+-----+--------+
         Total |  10118 |   9922 |    196 |   2664 |   4886 |  10 | 1011.8 |
       Dungeon |  10118 |   9922 |    196 |   2664 |   4886 |  10 | 1011.8 |
               +--------+--------+--------+--------+--------+-----+--------+

Top non-repeatable levels by time:
     D:4: 1544 daAuts
     D:8: 1515 daAuts
     D:9: 1493 daAuts
     D:7: 1295 daAuts
     D:5: 1213 daAuts
     D:3: 1160 daAuts
     D:2: 712 daAuts
     D:1: 586 daAuts
     D:6: 552 daAuts
    D:10: 44 daAuts
